Map: Snowy Mesa

Players

Mindkeeper

  • Race: Zerg Zerg
  • League: Platinum
  • Spawn Location: 6:00

loolnem

  • Race: Terran Terran
  • League: Platinum
  • Spawn Location: 6:00

Musumeci

  • Race: Zerg Zerg
  • League: Diamond
  • Spawn Location: 12:00

MichyMoko

  • Race: Zerg Zerg
  • Spawn Location: 12:00

VOD

Have the link to the VOD?

Description

Time

  • Played on: Feb. 2, 2017, 2:47 p.m.
  • Length: 9:16
Show
View Real Time Build Order
Export as new Build Order

Mindkeeper Zerg 

Build Orders: Hatch First, Zergling Baneling 

Get SALT Encoding   

  12  0:01  Drone  
  13  0:11  Drone  
  14  0:23  Overlord  
  14  0:32  Drone, Extractor  
  14  0:36  Drone, Extractor  
  16  0:44  Drone  
  17  1:06  Drone  
  17  1:11  Hatchery, Extractor  
  17  1:14  Spawning Pool  
  17  1:15  Drone  
  16  1:28  Drone  
  17  1:35  Drone  
  17  1:36  Drone  
  19  1:48  Overlord  
  19  2:02  Queen  
  19  2:05  Zergling x2  
  19  2:07  Zergling x2  
  23  2:12  Metabolic Boost  
  23  2:18  Zergling x2  
  24  2:25  Queen  
  26  2:47  Drone x2  
  26  2:51  Baneling Nest  
  27  2:57  Zergling x4  
  29  3:06  Zergling x4  
  29  3:07  Zergling x4  
  29  3:12  Overlord x2  
  33  3:23  Zergling x2  
  33  3:24  Zergling x4  
  36  3:35  Zergling x12  
  42  3:48  Zergling x4  
  44  3:58  Zergling x10  
  49  4:07  Overlord  
  49  4:25  Drone x2  
  49  4:28  Queen  
  49  4:30  Queen  
  55  4:32  Zergling x4  
  57  4:45  Baneling x4  
  56  4:46  Baneling x3  
  56  4:47  Baneling  
  42  5:13  Zergling x2  
  42  5:14  Zergling x20  
  43  5:22  Zergling x4  
  43  5:42  Drone x3  
  46  5:43  Drone  
  46  5:45  Lair  
  47  6:06  Baneling x2  
  47  6:07  Baneling x5  
  47  6:10  Zergling x8  
  46  6:50  Zergling x2  
  46  6:51  Zergling x12  
  45  6:58  Extractor  
  44  7:02  Drone  
  44  7:03  Drone x2, Spire  
  44  7:06  Extractor  
  44  7:07  Extractor  
  40  7:33  Drone x7  
  40  7:34  Drone x2  
  47  7:47  Baneling x2  
  47  7:50  Zergling x6  
  48  7:55  Zergling x4  
  48  7:56  Zergling x8  
  52  8:05  Overlord  
  52  8:06  Overlord  
  52  8:27  Drone  
  53  8:33  Drone x2  
  55  8:38  Spore Crawler  
  54  8:48  Hatchery  
  54  8:53  Zergling x2  
  54  8:56  Overlord x2  
Show
View Real Time Build Order
Export as new Build Order

loolnem Terran 

Build Orders: Hellion Opening, Mech 

Get SALT Encoding   

  12  0:02  SCV  
  14  0:14  SCV  
  14  0:24  Supply Depot  
  14  0:26  SCV  
  15  0:33  Refinery  
  15  0:37  Refinery  
  15  0:45  SCV  
  16  0:53  Barracks  
  16  0:58  SCV  
  17  1:10  SCV  
  18  1:23  SCV  
  19  1:35  SCV  
  20  1:40  Barracks Tech Lab  
  20  1:45  Factory  
  20  1:48  Orbital Command  
  20  2:01  Factory  
  20  2:07  Marine  
  21  2:14  Supply Depot  
  21  2:43  Barracks Reactor  
  21  2:46  Infernal Pre-Igniter  
  21  2:49  Hellion x2  
  21  2:50  SCV  
  26  3:02  SCV  
  27  3:14  Hellion  
  29  3:27  SCV  
  29  3:31  Supply Depot  
  29  3:32  Hellion x2  
  34  3:38  Hellion  
  36  3:59  Command Center  
  38  4:03  Hellion  
  38  4:04  Hellion  
  38  4:07  SCV  
  41  4:19  Hellion  
  43  4:25  Hellion  
  43  4:31  SCV  
  46  4:33  Supply Depot  
  44  5:12  Hellion  
  44  5:13  Hellion, Siege Tank  
  51  5:26  SCV x2  
  53  5:28  Barracks Reactor  
  53  5:29  Factory  
  53  5:31  Armory  
  50  5:46  Hellion  
  50  5:47  Hellion, Siege Tank  
  50  5:49  SCV  
  58  5:54  Supply Depot  
  58  5:59  Orbital Command  
  58  6:06  SCV  
  60  6:18  SCV  
  60  6:20  Factory Tech Lab  
  60  6:28  Factory  
  40  7:01  Hellion x2  
  42  7:05  SCV  
  43  7:09  Thor x2  
  43  7:15  SCV  
  54  7:17  SCV  
  55  7:27  SCV, Hellion x4  
  55  7:29  SCV  
  65  7:51  SCV x2  
  66  7:52  Supply Depot  
  66  7:57  Command Center  
  65  8:02  Hellion x4  
  65  8:03  SCV  
  65  8:04  Siege Tank  
  65  8:05  SCV  
  78  8:08  Refinery  
  78  8:09  Supply Depot  
  78  8:15  SCV  
  82  8:40  SCV x2  
  84  8:43  Refinery  
  93  8:56  Supply Depot  
  93  8:59  Supply Depot  
  93  9:01  Supply Depot  
Show
View Real Time Build Order
Export as new Build Order

Musumeci Zerg 

Build Orders: Pool First 

Get SALT Encoding   

  12  0:09  Drone x2  
  14  0:20  Extractor  
  14  0:21  Drone  
  15  0:34  Spawning Pool  
  15  0:52  Hatchery  
  15  0:53  Drone, Extractor  
  15  1:05  Spawning Pool  
  15  1:09  Extractor  
  15  1:10  Drone  
  15  1:29  Overlord  
  15  1:47  Drone x3  
  18  1:57  Extractor  
  18  1:58  Queen  
  20  2:09  Drone x2  
  22  2:18  Drone x2  
  22  2:19  Queen  
  22  2:20  Overlord  
  22  2:22  Extractor  
  26  2:33  Drone x2  
  27  2:38  Extractor  
  27  2:40  Drone  
  27  2:44  Drone  
  28  2:49  Zergling x2  
  29  2:55  Zergling x2  
  30  3:15  Drone x6  
  36  3:39  Metabolic Boost  
  36  3:44  Baneling Nest  
  35  3:49  Zergling x2  
  35  3:50  Overlord  
  36  4:13  Zergling x16  
  44  4:19  Overlord  
  44  4:20  Overlord x2  
  44  4:28  Baneling x2  
  44  4:29  Baneling x2  
  44  4:33  Baneling  
  44  4:37  Overlord  
  44  4:38  Zergling x12  
  49  4:54  Baneling x2  
  15  5:22  Zergling x8  
  15  5:23  Queen  
  21  5:42  Baneling x2  
  20  5:43  Baneling x2  
  20  5:45  Drone  
  20  5:46  Drone x3  
  24  5:58  Baneling x2  
  24  6:06  Zergling x2  
  24  6:07  Zergling x10  
  26  6:28  Baneling x3  
  26  6:39  Zergling x8  
  23  6:55  Zergling x8  
  27  7:13  Zergling x2  
  28  7:28  Zergling x2  
  28  7:29  Zergling x2  
  30  7:35  Hatchery  
  25  7:56  Zergling x10  
  30  7:58  Baneling  
  30  7:59  Baneling x9  
  30  8:04  Baneling x2  
  30  8:20  Baneling x2  
  30  8:24  Zergling x8  
  34  8:32  Baneling x7  
  34  8:34  Zergling x2  
  35  8:51  Zergling x10  
  40  8:56  Baneling x2  
Show
View Real Time Build Order
Export as new Build Order

MichyMoko Zerg 

Build Orders: Hatch First 

Get SALT Encoding   

  12  0:01  Drone  
  13  0:13  Overlord  
  13  0:17  Drone  
  14  0:37  Drone x3  
  17  0:54  Drone  
  18  1:04  Hatchery  
  18  1:10  Spawning Pool  
  16  1:14  Drone  
  17  1:19  Extractor  
  17  1:23  Drone  
  17  1:24  Drone  
  18  1:36  Drone  
  19  1:54  Drone  
  19  1:55  Drone  
  21  2:04  Drone  
  22  2:14  Overlord  
  22  2:15  Queen  
  22  2:19  Queen  
  22  2:20  Zergling x2  
  27  2:33  Drone x2  
  29  2:41  Drone, Zergling x2  
  31  2:45  Metabolic Boost  
  31  2:49  Roach Warren  
  30  2:53  Drone x2  
  30  2:56  Queen  
  34  3:09  Drone x2  
  36  3:12  Overlord  
  36  3:31  Roach  
  36  3:32  Roach  
  36  3:33  Drone x2  
  42  3:48  Lair  
  42  4:01  Drone  
  42  4:02  Drone  
  44  4:08  Overlord x2  
  42  4:26  Roach x5  
  42  4:27  Roach  
  54  4:32  Queen  
  54  4:36  Roach  
  54  4:37  Zergling x2  
  51  4:50  Roach  
  51  4:51  Zergling x10  
  40  5:04  Zergling x8  
  32  5:42  Drone  
  30  5:43  Drone x5  
  30  5:46  Queen  
  34  6:05  Roach x3  
  40  6:21  Roach  
  40  6:25  Queen  
  42  6:30  Extractor  
  25  7:03  Drone  
  25  7:04  Drone x3  
  29  7:18  Zergling x2  
  30  7:23  Zergling x2  
  31  7:34  Zergling x2  
  32  7:46  Roach x3  
  38  7:56  Hatchery  
  37  8:19  Drone x2  
  40  8:20  Drone  
  40  8:38  Zergling x8  
  44  8:46  Ravager x2  
  46  8:48  Zergling x2  
  47  8:59  Zergling x2  
Tags
 
Add a new tag
Caveats
  • Supply blocks, unpowered buildings, or Contaminate may cause inaccurate times.
  • Supply counts are checked every 10 seconds.